 Dungeon Crawl Stone Soup version 0.30-a0-1008-g30c9307041 (webtiles) character file.

Game seed: 12663324807144536464

616 LustLizard the Sneak (level 7, -5/43 HPs)
             Began as a Kobold Brigand on Apr 5, 2023.
             Killed from afar by a gnoll (15 damage)
             ... with a bolt of dispelling energy
             ... on level 4 of the Dungeon.
             The game lasted 00:09:32 (4726 turns).

LustLizard the Sneak (Kobold Brigand)               Turns: 4726, Time: 00:09:33

Health: -5/43      AC:  7    Str: 10    XL:     7   Next: 73%
Magic:  7/7        EV: 14    Int: 12    God:
Gold:   80         SH:  0    Dex: 17    Spells: 6/6 levels left

rFire   . . .      SeeInvis .    a - +2 dagger
rCold   . . .      Faith    .    (no shield)
rNeg    . . .      Spirit   .    r - +0 ring mail
rPois   .          Reflect  .    (no helmet)
rElec   .          Rampage  .    c - +0 cloak
rCorr   .                        w - +0 pair of gloves
Will    .....                    (no boots)
Stlth   ++++                     (no amulet)
HPRegen 0.27/turn                (no ring)
MPRegen 0.10/turn                (no ring)

@: studying Maces & Flails
A: small, no large weapons, nightstalker 3
a: no special abilities


You were on level 4 of the Dungeon.
You visited 1 branch of the dungeon, and saw 4 of its levels.
You also visited: Sewer.

You collected 187 gold pieces.
You spent 107 gold pieces at shops.

Inventory:

Hand Weapons
 a - a +2 dagger (weapon)
Missiles
 d - 7 poisoned darts (quivered)
 e - 3 curare-tipped darts
 g - 41 stones
Armour
 c - a +0 cloak (worn)
 r - a +0 ring mail (worn)
 w - a +0 pair of gloves (worn)
Wands
 o - a wand of digging (7)
Scrolls
 f - a scroll of brand weapon {unknown}
 h - 4 scrolls of teleportation
 i - 2 scrolls of silence {unknown}
 j - a scroll of blinking
 k - 2 scrolls of immolation {unknown}
 l - 2 scrolls of vulnerability {unknown}
 p - a scroll of enchant armour {unknown}
 v - a scroll of magic mapping {unknown}
Potions
 b - a potion of flight
 m - a potion of resistance
 n - 2 potions of cancellation {unknown}
 q - a potion of attraction {unknown}
 s - a potion of haste {unknown}
 t - a potion of curing
Miscellaneous
 u - a phial of floods


   Skills:
 + Level 4.0 Fighting
 * Level 6.5 Short Blades
 - Level 4.0 Throwing
 + Level 3.8 Dodging
 + Level 7.0 Stealth


You had 6 spell levels left.
You didn't know any spells.
Your spell library contained the following spells:

 Spells                   Type           Power      Damage    Failure   Level
 Freeze                   Ice            0%         1d3       65%         1
 Sublimation of Blood     Necr           0%         N/A       78%         2
 Frozen Ramparts          Ice            0%         1d1       95%         3
 Hailstorm                Conj/Ice       0%         3d3       95%         3
 Petrify                  Tmut/Erth      0%         N/A       100%        4
 Irradiate                Conj/Tmut      0%         3d11      100%        5


Dungeon Overview and Level Annotations

Branches:
Dungeon (4/15)              Sewer (visited)
 Temple: D:4-7

Altars:
Makhleb
Vehumet

Shops:
D:1 *   D:2 [   D:3 ?   D:4 *


Innate Abilities, Weirdness & Mutations

You are small and have problems with some larger weapons.
You are completely attuned to the shadows.


Message History

The kobold brigand hits you but does no damage.
You closely miss the kobold brigand.
The kobold brigand is almost dead.
You hit the kobold brigand.
You kill the kobold brigand!
Your Fighting skill increases to level 4!
Your Stealth skill increases to level 7!
No target in view!
e - 3 curare-tipped darts (gained 1)
Things that are here:
a +0 club; a kobold corpse A gnoll comes into view.
It is wielding a +0 flail and carrying a wand of charming (11).
The gnoll shouts!
You hear a shout!
The gnoll zaps a wand.
You resist with some effort. The gnoll completely misses you.
The gnoll shouts!
You hit the gnoll.
The gnoll is lightly wounded.
The gnoll misses you.
You hit the gnoll.
The gnoll is moderately wounded.
The gnoll hits you from afar with a +0 spear.
The gnoll hits you with a +0 flail. The gnoll attacks as you move away!
The gnoll hits you with a +0 flail.
The gnoll zaps a wand.
Your will is overpowered!
You are confused.
The gnoll zaps a wand.
The bolt of dispelling energy hits the gnoll!
The gnoll dies!
The bolt of dispelling energy hits you!
Your magical effects are unravelling.
You're too confused to move!
You feel less confused. The gnoll hits you but does no damage.
The gnoll zaps a wand.
The bolt of dispelling energy hits you!
* * * LOW HITPOINT WARNING * * *
The gnoll zaps a wand.
The bolt of dispelling energy misses the gnoll.
The bolt of dispelling energy hits you!
You die...

#. #..#..### #.#
#.##....##~~ ..#
#.#..#...~~~
#########.###.......##~~
#∩......#.##....###..###
#.......#.....#.# #.>#.#
#...............# ##....
#.......#.##########....
#......@#.# #..........
#.......#.## #..........
#......g...# #..........
######.)##.###..........
##......g....##..........
##.............#..........
#.................).......
#.........................
#....†....................


You could see 2 gnolls.

Vanquished Creatures
  An ogre (D:4)
  A phantom (D:4)
  A kobold brigand (D:4)
  2 bullfrogs (Sewer)
  2 howler monkeys (D:4)
  3 gnolls (D:2)
  5 adders
  A river rat (D:4)
  2 worms
  2 dart slugs (D:1)
  9 ball pythons
  5 bats
  8 endoplasms
  13 giant cockroaches
  6 goblins
  6 hobgoblins
  4 jackals (D:2)
  4 quokkas
  11 frilled lizards
  8 kobolds
  8 rats
102 creatures vanquished.

Vanquished Creatures (others)
  A gnoll (D:4)
1 creature vanquished.

Grand Total: 103 creatures vanquished

Notes
Turn   | Place    | Note
-------+----------+-------------------------------------------
     0 | D:1      | LustLizard the Kobold Brigand began the quest for the Orb.
     0 | D:1      | Reached XP level 1. HP: 12/12 MP: 1/1
    76 | D:1      | Reached XP level 2. HP: 17/17 MP: 2/2
    93 | D:1      | You fall into a shaft and drop 1 floor!
   459 | D:1      | Reached XP level 3. HP: 21/22 MP: 3/3
   582 | D:1      | Found Aczisuch's General Store.
   587 | D:1      | Bought a scroll of identify for 26 gold pieces
  1168 | D:2      | Found a burning altar of Makhleb.
  1182 | D:2      | Reached XP level 4. HP: 27/27 MP: 4/4
  1290 | D:2      | Found Nahedaliepp's Armour Emporium.
  2236 | D:3      | Found a radiant altar of Vehumet.
  2255 | D:3      | Reached XP level 5. HP: 31/31 MP: 5/5
  3021 | D:3      | Found Elesokh's Magic Scroll Emporium.
  3027 | D:3      | Bought a scroll of teleportation for 42 gold pieces
  3183 | D:4      | Noticed an ogre
  3290 | D:4      | Reached skill level 6 in Stealth
  3290 | D:4      | Found Nosin's General Store.
  3310 | D:4      | Bought a potion of curing for 39 gold pieces
  3394 | D:4      | Found a glowing drain.
  3444 | Sewer    | Entered a sewer
  3560 | Sewer    | Reached XP level 6. HP: 36/36 MP: 6/6
  3792 | Sewer    | Reached skill level 5 in Short Blades
  4266 | D:4      | Reached XP level 7. HP: 29/41 MP: 7/7
  4653 | D:4      | Reached skill level 7 in Stealth
  4726 | D:4      | Killed from afar by a gnoll

Illustrated notes

Levels and vault maps discovered:
D:1:      minmay_arrival_up_and_down, layout_basic, serial_shops, shop
D:2:      layout_basic, serial_shops, nicolae_shop_advertising_works
          [nicolae_subvault_shop_adworks], basic_altar,
          hangedman_decor_slide_cut, minivault_14, kennysheep_cross_room
D:3:      kennysheep_big_flooded_room, layout_loops_corners,
          fiery_altar_vehumet, serial_shops, nicolae_lakefront_shop
D:4:      layout_rooms, serial_shops, shop, gup_sewer_entry_bubbles,
          minmay_misc_feat_roman

Skill      XL: |  1  2  3  4  5  6  7 |
---------------+----------------------+-----
Short Blades   | 3 4 5 6 |  6.5
Throwing       | 3 4 |  4.0
Dodging        | 2 3 |  3.8
Stealth        | 6 7 |  7.0
Fighting       | 3 4 |  4.0

Action                     |  1- 3 |  4- 6 |  7- 9 || total
---------------------------+-------+-------+-------++-------
  Melee: Dagger            |    78 |   281 |    64 ||   423
         Punch             |       |     4 |       ||     4
  Throw: Dart              |       |     9 |     3 ||    12
    Use: Scroll            |       |     3 |       ||     3
         Potion            |       |     1 |       ||     1
   Stab: Sleeping          |    10 |    20 |     1 ||    31
         Distracted        |     1 |       |       ||     1
 Armour: Robe              |    10 |     2 |       ||    12
         Leather armour    |       |    16 |       ||    16
         Ring mail         |       |    47 |    15 ||    62
  Dodge: Dodged            |    38 |   191 |    24 ||   253

Table legend: (Time is in decaauts)
 A = Elapsed time spent in this place.
 B = Non-inter-level travel time spent in this place.
 C = Inter-level travel time spent in this place.
 D = Time resting spent in this place.
 E = Time spent auto-exploring this place.
 F = Levels seen in this place.
 G = Mean time per level.
                   A        B        C        D        E       F      G
               +--------+--------+--------+--------+--------+-----+--------+
         Total |   4759 |   4451 |    308 |    436 |   2804 |   5 |  951.8 |
       Dungeon |   3973 |   3665 |    308 |    314 |   2407 |   4 |  993.2 |
         Sewer |    786 |    786 |      0 |    122 |    397 |   1 |  786.0 |
               +--------+--------+--------+--------+--------+-----+--------+

Top non-repeatable levels by time:
     D:2: 1323 daAuts
     D:3: 1054 daAuts
     D:1: 842 daAuts
   Sewer: 786 daAuts
     D:4: 753 daAuts
